 Dungeon Crawl Stone Soup version 0.28-a0-851-g8b9cc49659 (webtiles) character file.

Game seed: 6237354418096791634

38 sanka the Chopper (level 3, 0/31 HPs)
             Began as a Palentonga Abyssal Knight on Nov 14, 2021.
             Was a Believer of Lugonu.
             Succumbed to a goblin's poison
             ... on level 2 of the Dungeon.
             The game lasted 00:01:37 (1569 turns).

sanka the Chopper (Palentonga Abyssal Knight)       Turns: 1569, Time: 00:01:38

Health: 0/31       AC:  4    Str: 17    XL:     3   Next: 25%
Magic:  4/4        EV:  9    Int: 10    God:    Lugonu [**....]
Gold:   19         SH:  0    Dex: 10    Spells: 2/2 levels left

rFire   . . .      SeeInvis +   a - +1 hand axe
rCold   . . .      Faith    .   (no shield)
rNeg    . . .      Spirit   .   b - +0 leather armour
rPois   .          Reflect  .   (no helmet)
rElec   .          Harm     .   (no cloak)
rCorr   .          Rampage  .   (no gloves)
Will    .....                   (no barding)
Stlth   +.........              (no amulet)
HPRegen 0.10/turn               (no ring)
MPRegen 0.09/turn               (no ring)

@: lethally poisoned (0 -> -3)
A: large, rugged brown scales 3, see invisible, deformed body, roll 1, armoured
tail, wild magic 1, MP-powered wands, noise suppression
a: Rolling Charge, Renounce Religion, Depart the Abyss, Bend Space


You were on level 2 of the Dungeon.
You worshipped Lugonu.
Lugonu was pleased with you.
You visited 1 branch of the dungeon, and saw 2 of its levels.
You visited the Abyss 1 time.

You collected 19 gold pieces.


Innate Abilities, Weirdness & Mutations

You are completely covered in rugged brown scales. (AC +3, +7% HP)
You have supernaturally acute eyesight. (SInv)
Armour fits poorly on your strangely shaped body.
You can roll at nearby foes to attack.
You have a long armoured tail.
Your spells are a little harder to cast, but a little more powerful.
You expend magic power (3 MP) to strengthen your wands.
You passively dampen the noise of your surroundings.


   Skills:
 - Level 3.0 Fighting
 + Level 3.7 Axes
 - Level 1.5 Armour
 - Level 0.7 Dodging
 - Level 2.0 Invocations


You had 2 spell levels left.
You didn't know any spells.
Your spell library was empty.

Inventory:

Hand Weapons
 a - a +1 hand axe (weapon)
Armour
 b - a +0 leather armour (worn)
Magical Staves
 c - a staff of air
Scrolls
 d - a scroll of vulnerability {unknown}
 e - a scroll of identify {unknown}

Dungeon Overview and Level Annotations

Branches:
Dungeon (2/15)

Altars:

..............
..........).▒
..........).▒
............▒▒▒..
................▒
......).....▒▒▒...
....▒........... .
▒▒▒ ▒▒..▒▒▒...!..
▒<.H<..▒▒▒..
▒.....▒▒▒▒▒ .
▒........
......▒.▒▒▒▒
▒▒▒▒▒...▒ ▒.▒▒▒ ..
▒.


There were no monsters in sight!


Message History

You kill the goblin!
Lugonu accepts your kill.
* * * LOW HITPOINT WARNING * * *
You feel very sick.
Unknown command.
No target in view!
Unknown command.
No target in view!
Unknown command.
There is a lethal amount of poison in your body!
Unknown command.
It was a potion of mutation.
You feel extremely strange.
You feel your magical essence link to the dungeon's wands.
You feel less in control of your magic.
You feel your surroundings grow quieter.
* * * LOW HITPOINT WARNING * * *
You feel very sick.
* * * LOW HITPOINT WARNING * * *
You feel sick.
* * * LOW HITPOINT WARNING * * *
You feel very sick.
* * * LOW HITPOINT WARNING * * *
You feel sick.
* * * LOW HITPOINT WARNING * * *
You feel sick.
* * * LOW HITPOINT WARNING * * *
You feel sick.
Unknown command.
You die...

Action                   || total
-------------------------++-------
Melee: Hand axe          ||    78
       Tailslap          ||    12
  Use: Potion            ||     1
Armor: Leather armour    ||    23
Dodge: Dodged            ||    39

Levels and vault maps discovered:
D:1:      saegor_arrival_fortress, layout_loops_ring, serial_forest,
          infiniplex_forest_end_1, infiniplex_forest_end_double,
          infiniplex_forest_clump_double, infiniplex_forest_lined_2,
          infiniplex_forest_clump_curved
D:2:      layout_rooms, hellmonk_ecumenical_altar_run_dry,
          minmay_fractal_squares_gapless_5

Notes
Turn   | Place    | Note
-------+----------+-------------------------------------------
     0 | Abyss:1  | sanka the Palentonga Abyssal Knight began the quest for the
                  | Orb.
     0 | Abyss:1  | Reached XP level 1. HP: 19/19 MP: 2/2
    10 | D:1      | Escaped the Abyss
   296 | D:1      | Reached XP level 2. HP: 25/25 MP: 3/3
   407 | D:1      | Reached skill level 3 in Axes
  1126 | D:1      | Reached XP level 3. HP: 31/31 MP: 4/4
  1556 | D:2      | Reached ** piety under Lugonu
  1563 | D:2      | Gained mutation: You expend magic power (3 MP) to
                  | strengthen your wands. [potion of mutation]
  1563 | D:2      | Gained mutation: Your spells are a little harder to cast,
                  | but a little more powerful. [potion of mutation]
  1563 | D:2      | Gained mutation: You passively dampen the noise of your
                  | surroundings. [potion of mutation]
  1567 | D:2      | HP: 2/31 [poisoned by a goblin]
  1569 | D:2      | Succumbed to a goblin's poison

Vanquished Creatures
  3 dart slugs (D:1)
  8 ball pythons
  3 endoplasms
  5 goblins
  A hobgoblin (D:2)
  2 bats (D:1)
  3 frilled lizards
  3 kobolds
  6 rats (D:1)
34 creatures vanquished.

Vanquished Creatures (others)
  A plant (D:1)
1 creature vanquished.

Grand Total: 35 creatures vanquished
